 Dungeon Crawl Stone Soup version 0.31.0-9-g3a7656b989 (webtiles) character file.

Game seed: 7952455225763523699

39 qw the Shooter (level 3, 0/18 HPs)
             Began as a Spriggan Hunter on Feb 2, 2024.
             Slain by a hobgoblin (4 damage)
             ... led by Robin
             ... on level 2 of the Dungeon.
             The game lasted 00:00:04 (1428 turns).

qw the Shooter (Spriggan Hunter)                    Turns: 1428, Time: 00:00:05

Health: 0/18       AC:  2    Str:  7    XL:     3   Next: 28%
Magic:  4/4        EV: 19    Int: 10    God:
Gold:   62         SH:  0    Dex: 20    Spells: 2/2 levels left

rFire   + . .        a - +0 shortbow
rCold   + . .        (shield currently unavailable)
rNeg    . . .        f - +0 robe of Avant Garde Lucidity {rElec rF+}
rPois   .            (helmet restricted)
rElec   +            (no cloak)
rCorr   .            (gloves unavailable)
SInv    +            (boots unavailable)
Will    .....        (no amulet)
Stlth   ++           i - ring of protection from cold
HPRegen 0.23/turn    (no ring)
MPRegen 0.09/turn

%: no passive effects
@: very quick
A: very small, no large weapons, unfitting armour, see invisible, speed 3
a: no special abilities


You were on level 2 of the Dungeon.
You visited 1 branch of the dungeon, and saw 3 of its levels.

You collected 62 gold pieces.


Innate Abilities, Weirdness & Mutations

You are very small and have problems with some larger weapons.
You are too small for most types of armour.
You have supernaturally acute eyesight. (SInv)
You cover ground extremely quickly. (Speed+++)


   Skills:
 - Level 1.5 Fighting
 + Level 4.6 Ranged Weapons
 - Level 4.0 Dodging
 - Level 1.5 Stealth


You had 2 spell levels left.
You didn't know any spells.
Your spell library was empty.

Inventory:

Hand Weapons
 a - a +0 shortbow (weapon)
Armour
 f - the +0 robe of Avant Garde Lucidity (worn) {rElec rF+}
   (You acquired it on level 2 of the Dungeon)

   rF+:       It protects you from fire.
   rElec:     It insulates you from electricity.
Jewellery
 i - a ring of protection from cold (left hand)
Potions
 d - a potion of heal wounds
 h - a potion of mutation
 j - a potion of curing
 n - a potion of magic {unknown}

Dungeon Overview and Level Annotations

Branches:
Dungeon (3/15)

Altars:

Annotations:
D:3 Robin


Message History

There is a stone staircase leading down here.
You shoot an arrow. The arrow completely misses the goblin.
The goblin hits you with a +0 dagger. The goblin hits you but does no damage.
You shoot an arrow. The arrow closely misses the goblin.
The goblin misses you. The goblin hits you with a +0 club.
You shoot an arrow. The arrow barely misses the goblin.
The goblin barely misses you. The goblin closely misses you.
You shoot an arrow. The arrow hits the goblin!
You kill the goblin!
The goblin closely misses you.
You shoot an arrow. The arrow hits the goblin!
You kill the goblin!
You start resting.
HP restored.
You climb downwards.
Level annotation: Robin The goblin barely misses you.
The hobgoblin hits you.
There is a stone staircase leading up, spattered with blood here.
1421 ||| STAIRDANCE The hobgoblin closely misses you.
The goblin closely misses you.
You climb upwards.
There is a stone staircase leading down here.
You shoot an arrow. The arrow closely misses the hobgoblin.
The goblin misses you. The hobgoblin completely misses you.
You shoot an arrow.
The arrow hits the hobgoblin but does no damage.
The goblin hits you with a +0 club. The hobgoblin hits you.
You shoot an arrow. The arrow hits the hobgoblin.
The hobgoblin is almost dead.
The goblin barely misses you. The hobgoblin completely misses you.
You shoot an arrow. The arrow closely misses the hobgoblin.
The goblin closely misses you. The hobgoblin barely misses you.
The goblin hits you with a +0 club. The hobgoblin barely misses you.
You shoot an arrow. The arrow barely misses the hobgoblin.
The goblin barely misses you. The hobgoblin misses you.
You shoot an arrow.
The arrow hits the hobgoblin but does no damage.
The hobgoblin is severely wounded.
The goblin hits you with a +0 club. The hobgoblin hits you.
You die...

######## ###......#
##.#.####.#
########....####.#
#####........#....##.#
¤¤¤##.######...(#.##.#
#¤¤##.# ##.#)#g##.#
#..##.# #####.@....#
...)..# #....g.)####
#..#### #.##....# ...#
######.##.##.## ..##
#......##...#.# ...#
#......#####.## ##.#
#..........#%# #.#
#............# ##.#
#......###.#.#


You could see a hobgoblin and a goblin.

Vanquished Creatures
  A dart slug (D:1)
  2 ribbon worms (D:2)
  4 ball pythons
  3 endoplasms
  3 giant cockroaches
  A hobgoblin (D:1)
  2 kobolds
  A quokka (D:1)
  3 bats (D:2)
  A frilled lizard (D:1)
  8 goblins
  2 rats
31 creatures vanquished.

Notes
Turn   | Place    | Note
-------+----------+-------------------------------------------
     0 | D:1      | qw the Spriggan Hunter began the quest for the Orb.
     0 | D:1      | Reached XP level 1. HP: 10/10 MP: 2/2
     0 | D:1      | 0 ||| qw: Version: 0.3-a-155-g5e7d8dd
     0 | D:1      | 0 ||| qw: Game counter: 2320
     0 | D:1      | 0 ||| qw: Melee chars always use a shield: true
     0 | D:1      | 0 ||| qw: God list: Okawaru
     0 | D:1      | 0 ||| qw: Allow faded altars: false
     0 | D:1      | 0 ||| qw: Do Orc after clearing Dungeon:15 true
     0 | D:1      | 0 ||| qw: Do second Lair branch before Depths: true
     0 | D:1      | 0 ||| qw: Lair rune preference: random
     0 | D:1      | 0 ||| qw: Goals: Normal
     0 | D:1      | 0 ||| PLANNING D:1-11
   110 | D:1      | Reached skill level 3 in Dodging
   174 | D:1      | Reached XP level 2. HP: 14/14 MP: 3/3
   633 | D:1      | 633 ||| UPGRADING to ring of protection from cold.
   634 | D:1      | 634 ||| READING scroll labelled DOEMAU CATU.
   639 | D:1      | 639 ||| DROPPING scroll of butterflies.
   715 | D:2      | Identified the +4 ring mail of Sudo Exe {rC+}
   904 | D:2      | Reached XP level 3. HP: 18/18 MP: 4/4
   996 | D:2      | Found Byenke Siditz's Antique Armour Shoppe.
  1201 | D:2      | 1201 ||| READING 2 scrolls labelled TEEHUD IRENI.
  1302 | D:2      | 1302 ||| READING 6 scrolls labelled GAOGHY OSAHI.
  1302 | D:2      | 1302 ||| IDENTIFYING glowing yellow potion
  1303 | D:2      | 1303 ||| READING 5 scrolls of identify.
  1303 | D:2      | 1303 ||| IDENTIFYING dark potion
  1304 | D:2      | 1304 ||| READING 4 scrolls of identify.
  1304 | D:2      | 1304 ||| IDENTIFYING pink potion
  1305 | D:2      | 1305 ||| READING 3 scrolls of identify.
  1305 | D:2      | 1305 ||| IDENTIFYING smoky black potion
  1306 | D:2      | 1306 ||| READING 2 scrolls of identify.
  1306 | D:2      | 1306 ||| IDENTIFYING smoky golden potion
  1307 | D:2      | 1307 ||| READING scroll of identify.
  1307 | D:2      | 1307 ||| IDENTIFYING viscous silvery potion
  1308 | D:2      | 1308 ||| READING scroll labelled YSEKAJ GEPH.
  1308 | D:2      | Identified a scroll of acquirement
  1308 | D:2      | 1308 ||| ACQUIRING +0 robe of Avant Garde Lucidity {rElec
                  | rF+}
  1308 | D:2      | Acquired the +0 robe of Avant Garde Lucidity {rElec rF+}
  1310 | D:2      | 1310 ||| UPGRADING to +0 robe of Avant Garde Lucidity
                  | {rElec rF+}.
  1320 | D:2      | 1320 ||| DROPPING +0 robe.
  1321 | D:2      | 1321 ||| READING scroll labelled TEPTIF MUXOLUUQE.
  1322 | D:2      | 1322 ||| DROPPING scroll of vulnerability.
  1323 | D:2      | 1323 ||| DROPPING potion of lignification.
  1324 | D:2      | 1324 ||| DROPPING potion of berserk rage.
  1325 | D:2      | 1325 ||| DROPPING potion of ambrosia.
  1351 | D:3      | Noticed Robin
  1352 | D:3      | 1352 ||| STAIRDANCE
  1380 | D:3      | 1380 ||| STAIRDANCE
  1421 | D:3      | 1421 ||| STAIRDANCE
  1428 | D:2      | HP: 4/18 [goblin/+0 club[Robin] (1)]
  1428 | D:2      | Slain by a hobgoblin

Levels and vault maps discovered:
D:1:      lightli_arrival_maybe_door_vault, layout_loops_ring,
          minmay_pentomino_t2
D:2:      cheibrodos_old_hovel, layout_loops_cross, serial_shops, shop
D:3:      layout_basic, xom_butterflies, trog_butcher_becter, serial_shops,
          nicolae_shop_bloodbath_and_beyond, uniq_robin

Skill      XL: |  1  2 |
---------------+-------+-----
Dodging        | 3 4 |  4.0
Fighting       | |  1.5
Ranged Weapons | |  4.6
Stealth        | |  1.5

Action                     || total
---------------------------++-------
   Fire: Shortbow          ||    92
    Use: Scroll            ||    10
 Armour: Robe              ||    19
  Dodge: Dodged            ||    47

Table legend:
 A = Non-vault XP
 B = Vault XP
 C = Vault XP percentage of total XP
 D = Non-vault monster count
 E = Vault monster count
 F = Vault count percentage of total count
                 A         B        C        D         E       F
            +---------+---------+-------+---------+---------+-------
      Total |      44 |      13 |  22.8 |      24 |       7 |  22.6
            +---------+---------+-------+---------+---------+-------
        D:1 |      22 |       2 |   8.3 |      12 |       1 |   7.7
        D:2 |      20 |       7 |  25.9 |      11 |       4 |  26.7
        D:3 |       2 |       4 |  66.7 |       1 |       2 |  66.7
            +---------+---------+-------+---------+---------+-------
